 Dungeon Crawl Stone Soup version 0.21-a0-513-gdcb3f5e (webtiles) character file.

63 Dawnplanks the Shield-Bearer (level 4, 0/41 HPs)
             Began as a Gnoll Fighter on Dec 1, 2017.
             Slain by Grinder (2 damage)
             ... on level 3 of the Dungeon.
             The game lasted 00:02:36 (1367 turns).

Dawnplanks the Shield-Bearer (Gnoll Fighter)        Turns: 1367, Time: 00:02:37

Health: 0/41       AC:  7    Str: 21    XL:     4   Next: 10%
Magic:  5/5        EV:  8    Int: 11    God:
Gold:   111        SH: 11    Dex: 15    Spells: 5/5 levels left

rFire    . . .     SeeInvis .   a - +0 war axe
rCold    . . .     Gourm    .   c - +0 shield
rNeg     . . .     Faith    .   b - +0 scale mail
rPois    .         Spirit   .   (no helmet)
rElec    .         Reflect  .   (no cloak)
rCorr    +         Harm     .   (no gloves)
MR       .....                  (no boots)
Stlth    ..........             (no amulet)
HPRegen  0.13/turn              q - ring of resist corrosion
MPRegen  0.09/turn              s - +3 ring of strength

@: no status effects
A: distributed training, fangs 1, strong nose
a: no special abilities


You were on level 3 of the Dungeon.
You were near starving.

You visited 1 branch of the dungeon, and saw 3 of its levels.

You collected 111 gold pieces.

Inventory:

Hand Weapons
 a - a +0 war axe (weapon)
Armour
 b - a +0 scale mail (worn)
 c - a +0 shield (worn)
Jewellery
 q - a ring of resist corrosion (left hand)
 s - a +3 ring of strength (right hand)
Wands
 p - a wand of flame (19)
Scrolls
 g - 4 scrolls of identify {unknown}
 h - a scroll of immolation {unknown}
 j - 2 scrolls of amnesia {unknown}
 k - a scroll of noise {unknown}
 l - 4 scrolls of fear {unknown}
 m - 4 scrolls of remove curse {unknown}
 r - a scroll of fog {unknown}
Potions
 d - a potion of might
 e - a potion of flight {unknown}
 i - 2 potions of magic {unknown}
 n - a potion of heal wounds {unknown}
Comestibles
 f - 2 bread rations
 o - a meat ration


   Skills:
 + Level 6.5 Fighting
 + Level 1.0 Short Blades
 + Level 1.0 Long Blades
 + Level 4.6 Axes
 + Level 1.0 Maces & Flails
 + Level 1.0 Polearms
 + Level 1.0 Staves
 + Level 1.0 Slings
 + Level 1.0 Bows
 + Level 1.0 Crossbows
 + Level 1.0 Throwing
 + Level 6.5 Armour
 + Level 1.0 Dodging
 + Level 1.0 Stealth
 + Level 6.5 Shields
 + Level 1.0 Unarmed Combat
 + Level 1.0 Spellcasting
 + Level 0.7 Conjurations
 + Level 0.7 Hexes
 + Level 0.7 Charms
 + Level 0.7 Summonings
 + Level 0.7 Necromancy
 + Level 0.7 Translocations
 + Level 0.7 Transmutations
 + Level 0.7 Fire Magic
 + Level 0.7 Ice Magic
 + Level 0.7 Air Magic
 + Level 0.7 Earth Magic
 + Level 0.7 Poison Magic
 + Level 1.1 Invocations
 + Level 1.0 Evocations


You had 5 spell levels left.
You didn't know any spells.

Dungeon Overview and Level Annotations

Branches:
Dungeon (3/15)

Altars:
Dithmenos
Xom

Annotations:
D:3 Grinder


Innate Abilities, Weirdness & Mutations

Your experience applies equally to all skills.
You have very sharp teeth.
Your uncanny sense of smell can sniff out nearby items.


Message History

You block Grinder's attack. Grinder hits you.
* * * LOW HITPOINT WARNING * * *
You hit Grinder.
Grinder is almost dead.
Grinder gestures at you.
You suddenly lose the ability to move!
Grinder blinks!
Grinder gestures at you. You resist with significant effort.
Grinder gestures at you.
You barely resist. Grinder gestures at you. Pain shoots through your body!
* * * LOW HITPOINT WARNING * * *
You can move again.
Grinder blinks!
You are too injured to fight recklessly!
Grinder grins, showing sharp teeth.
Grinder hits you.
You die...

#.#≈#.#∆ #
###.#≈#.## ..#
# ...#≈#.. ..#
.. #.#≈#.###..#
.( .#≈# #....#
#(###≈###....#
#.((........#
####5([.....#
.#####.@..<...#
..............#
#####.........#
#..(.).......#
#>...........#
#(.##........#
#.# ##########
#.. [.


You could see Grinder.

Vanquished Creatures
  An adder (D:2)
  An ooze (D:1)
  A worm (D:2)
  3 dart slugs
  A leopard gecko (D:1)
  6 bats
  3 giant cockroaches
  7 hobgoblins
  5 jackals (D:2)
  2 kobolds
  A frilled lizard (D:1)
  5 rats
36 creatures vanquished.

Notes
Turn   | Place    | Note
-------+----------+-------------------------------------------
     0 | D:1      | Dawnplanks the Gnoll Fighter began the quest for the Orb.
     0 | D:1      | Reached XP level 1. HP: 23/23 MP: 1/1
   126 | D:1      | Reached XP level 2. HP: 25/29 MP: 2/2
   311 | D:1      | Reached XP level 3. HP: 30/35 MP: 3/3
   703 | D:2      | Reached skill level 1 in Invocations
   782 | D:2      | Reached skill level 1 in Short Blades
   782 | D:2      | Reached skill level 1 in Long Blades
   782 | D:2      | Reached skill level 1 in Maces & Flails
   782 | D:2      | Reached skill level 1 in Polearms
   782 | D:2      | Reached skill level 1 in Staves
   782 | D:2      | Reached skill level 1 in Slings
   782 | D:2      | Reached skill level 1 in Bows
   782 | D:2      | Reached skill level 1 in Crossbows
   782 | D:2      | Reached skill level 1 in Throwing
   782 | D:2      | Reached skill level 1 in Dodging
   782 | D:2      | Reached skill level 1 in Stealth
   782 | D:2      | Reached skill level 1 in Unarmed Combat
   782 | D:2      | Reached skill level 1 in Spellcasting
   782 | D:2      | Reached skill level 1 in Evocations
   872 | D:2      | Reached XP level 4. HP: 41/41 MP: 5/5
  1092 | D:2      | Found a shimmering altar of Xom.
  1092 | D:2      | Found a shadowy altar of Dithmenos.
  1339 | D:3      | Noticed Grinder
  1358 | D:3      | Paralysed by Grinder for 6 turns
  1363 | D:3      | HP: 2/41 [Grinder/nerve-wracking pain (4)]
  1367 | D:3      | Slain by Grinder

Vault maps used:
D:1:      mrwooster_arrival_statue_3, st_stairs_5, minmay_misc_feat_five
D:2:      gammafunk_temple_overflow_elements, minmay_splitting_lines,
          serial_bayou_pond_b, minivault_5
D:3:      grunt_decor_cap, uniq_grinder, uniq_crazy_yiuf_cottage, uniq_robin

Skill      XL: |  1  2  3 |
---------------+----------+-----
Invocations    | 1 |  1.1
Short Blades   | 1 |  1.0
Long Blades    | 1 |  1.0
Maces & Flails | 1 |  1.0
Polearms       | 1 |  1.0
Staves         | 1 |  1.0
Slings         | 1 |  1.0
Bows           | 1 |  1.0
Crossbows      | 1 |  1.0
Throwing       | 1 |  1.0
Dodging        | 1 |  1.0
Stealth        | 1 |  1.0
Unarmed Combat | 1 |  1.0
Spellcasting   | 1 |  1.0
Evocations     | 1 |  1.0
Fighting       | |  6.5
Axes           | |  4.6
Armour         | |  6.5
Shields        | |  6.5
Conjurations   | |  0.7
Hexes          | |  0.7
Charms         | |  0.7
Summonings     | |  0.7
Necromancy     | |  0.7
Translocations | |  0.7
Transmutations | |  0.7
Fire Magic     | |  0.7
Ice Magic      | |  0.7
Air Magic      | |  0.7
Earth Magic    | |  0.7
Poison Magic   | |  0.7

Action                   |  1- 3 |  4- 6 || total
-------------------------+-------+-------++-------
Melee: War axe           |    86 |    23 ||   109
       Bite              |     9 |     3 ||    12
Throw: Tomahawk          |       |     6 ||     6
Armor: Scale mail        |    40 |     2 ||    42
Dodge: Dodged            |    30 |     5 ||    35
Block: Shield            |    48 |     6 ||    54

Table legend:
 A = Spawn XP
 B = Non-spawn XP
 C = Spawn XP percentage of total XP
 D = Spawn monster count
 E = Non-spawn monster count
 F = Spawn count percentage of total count
 G = Total turns spent on level
                    A         B        C        D         E        F      G
               +---------+---------+-------+---------+---------+-------+---------
         Total |       0 |      91 |   0.0 |       0 |      36 |   0.0 |  1367
               +---------+---------+-------+---------+---------+-------+---------
           D:1 |       0 |      38 |   0.0 |       0 |      17 |   0.0 |   556
           D:2 |       0 |      53 |   0.0 |       0 |      19 |   0.0 |   769
               +---------+---------+-------+---------+---------+-------+---------
